 Dungeon Crawl Stone Soup version 0.26-a0-1129-gc5df7fbe6a (webtiles) character file.

Game seed: 7281016231895575503

188 Dracia the Ruffian (level 5, 50/50 HPs)
             Began as a Troll Berserker on Dec 18, 2020.
             Was a Priest of Trog.
             Quit the game on level 3 of the Dungeon.
             The game lasted 00:02:54 (1535 turns).

Dracia the Ruffian (Troll Berserker)                Turns: 1535, Time: 00:02:55

Health: 50/50      AC:  7    Str: 25    XL:     5   Next: 39%
Magic:  4/4        EV: 11    Int:  9    God:    Trog [***...]
Gold:   124        SH:  0    Dex: 10    Spells: 4/4 levels left

rFire    . . .     SeeInvis .     - Unarmed
rCold    . . .     Faith    .   (no shield)
rNeg     . . .     Spirit   .   a - +0 animal skin
rPois    .         Reflect  .   (helmet restricted)
rElec    .         Harm     .   k - +0 cloak
rCorr    .         Rampage  .   (gloves unavailable)
Will     .....                  (boots unavailable)
Stlth    +.........             (no amulet)
HPRegen  0.56/turn              I - +6 ring of intelligence
MPRegen  0.09/turn              L - ring of flight

@: no status effects
A: large, unfitting armour, claws 3, regeneration 1, shaggy fur 1, tough skin 3
a: Renounce Religion, Evoke Flight, Berserk, Trog's Hand


You were on level 3 of the Dungeon.
You worshipped Trog.
Trog was most pleased with you.
You visited 1 branch of the dungeon, and saw 3 of its levels.

You collected 124 gold pieces.


Innate Abilities, Weirdness & Mutations

You are too large for most types of armour.
You have claws for hands.
Your natural rate of healing is unusually fast.
You are covered in fur. (AC +1)
You have extremely tough skin. (AC +3)


   Skills:
 - Level 2.4 Fighting
 + Level 3.4 Dodging
 * Level 5.3 Unarmed Combat


You had 4 spell levels left.
You didn't know any spells.
Your spell library was empty.

Inventory:

Missiles
 e - 2 curare-tipped darts {=f=f}
 j - 29 poisoned darts
Armour
 a - a +0 animal skin (worn)
 k - a +0 cloak (worn)
Jewellery
 I - a +6 ring of intelligence (left claw)
 L - a ring of flight (right claw)
Scrolls
 b - 5 scrolls of remove curse {unknown}
 d - a scroll of teleportation {unknown}
 f - 5 scrolls of identify {unknown}
 h - a scroll of noise {unknown}
 i - a scroll of amnesia {unknown}
 m - a scroll of immolation {unknown}
 o - a scroll of random uselessness {unknown}
 p - a scroll of enchant armour {unknown}
Potions
 c - 2 potions of heal wounds {unknown}
 g - 3 potions of haste {unknown}
 l - a potion of cancellation {unknown}
 n - a potion of might {unknown}

Dungeon Overview and Level Annotations

Branches:
Dungeon (3/15)

Altars:
Hepliaklqana

##.######## #.## ##
.## ##. .#########
.#. .........# ..
########.# #.### # #
#.# #.##...#.# # #.#
#....)...# #
######.#######@..#
#...........(....#
###.####.########..#
#.# ....# #.# ..#
#.# ########.# ..#
#.# .........# ...
..# ########## #.##
#.# ###.####.#
.........#


There were no monsters in sight!


Message History

a +0 club; a hobgoblin skeleton
Found 15 sling bullets.
A rat comes into view.
A rat is nearby!
A rat is nearby!
You see here 15 sling bullets.
You scratch the rat but do no damage. The rat barely misses you.
You mangle the rat!!
You kill the rat!
Trog accepts your kill.
No target in view!
A kobold comes into view. It is wielding a +0 dagger.
The kobold shouts!
A kobold is nearby!
A kobold is nearby!
The kobold hits you but does no damage.
You scratch the kobold.
The kobold is severely wounded.
The kobold hits you with a +0 dagger.
You claw the kobold!
You kill the kobold!
Trog accepts your kill.
No target in view!
Unknown command.
Unknown command.
Are you sure you want to abandon this character and quit the game? (Confirm with "yes".)
Okay, then.
Unknown command.
Unknown command.
Are you sure you want to abandon this character and quit the game? (Confirm with "yes".)

Skill      XL: |  1  2  3  4 |
---------------+-------------+-----
Unarmed Combat | 4 5 |  5.3
Dodging        | 3 |  3.4
Fighting       | |  2.4

Action                   |  1- 3 |  4- 6 || total
-------------------------+-------+-------++-------
Melee: Unarmed           |    98 |    88 ||   186
       Punch             |     2 |     2 ||     4
 Stab: Sleeping          |     2 |     1 ||     3
Armor: Animal skin       |    64 |    34 ||    98
Dodge: Dodged            |    74 |    34 ||   108

Levels and vault maps discovered:
D:1:      wander_arrival_fairy_ring, layout_basic
D:2:      layout_rooms, lemuel_round_altar, kennysheep_generic_room_4
D:3:      layout_loops_ring

Notes
Turn   | Place    | Note
-------+----------+-------------------------------------------
     0 | D:1      | Dracia the Troll Berserker began the quest for the Orb.
     0 | D:1      | Reached XP level 1. HP: 22/22 MP: 0/0
    98 | D:1      | Reached XP level 2. HP: 29/29 MP: 1/1
   448 | D:1      | Reached ** piety under Trog
   449 | D:1      | Reached XP level 3. HP: 20/36 MP: 2/2
   622 | D:2      | Reached skill level 4 in Unarmed Combat
   784 | D:2      | Reached skill level 3 in Dodging
   819 | D:2      | Reached XP level 4. HP: 41/44 MP: 3/3
  1033 | D:2      | Found a hazy altar of Hepliaklqana.
  1244 | D:3      | Reached *** piety under Trog
  1245 | D:3      | Reached skill level 5 in Unarmed Combat
  1245 | D:3      | Reached XP level 5. HP: 50/50 MP: 4/4
  1535 | D:3      | Quit the game

Vanquished Creatures
  An orc wizard (D:3)
  7 adders
  2 oozes
  A worm (D:2)
  3 dart slugs
  2 leopard geckos
  2 orcs (D:3)
  11 bats
  4 giant cockroaches
  5 goblins
  9 hobgoblins
  7 jackals
  A quokka (D:2)
  2 frilled lizards (D:3)
  10 kobolds
  6 rats
73 creatures vanquished.

Table legend: (Time is in decaauts)
 A = Elapsed time spent in this place.
 B = Non-inter-level travel time spent in this place.
 C = Inter-level travel time spent in this place.
 D = Time resting spent in this place.
 E = Time spent auto-exploring this place.
 F = Levels seen in this place.
 G = Mean time per level.
                   A        B        C        D        E       F      G
               +--------+--------+--------+--------+--------+-----+--------+
         Total |   1518 |   1469 |     49 |      0 |   1086 |   3 |  506.0 |
       Dungeon |   1518 |   1469 |     49 |      0 |   1086 |   3 |  506.0 |
               +--------+--------+--------+--------+--------+-----+--------+

Top non-repeatable levels by time:
     D:1: 597 daAuts
     D:2: 486 daAuts
     D:3: 434 daAuts

Table legend:
 A = Non-vault XP
 B = Vault XP
 C = Vault XP percentage of total XP
 D = Non-vault monster count
 E = Vault monster count
 F = Vault count percentage of total count
                 A         B        C        D         E       F
            +---------+---------+-------+---------+---------+-------
      Total |     269 |       0 |   0.0 |      73 |       0 |   0.0
            +---------+---------+-------+---------+---------+-------
        D:1 |      48 |       0 |   0.0 |      27 |       0 |   0.0
        D:2 |      95 |       0 |   0.0 |      21 |       0 |   0.0
        D:3 |     126 |       0 |   0.0 |      25 |       0 |   0.0
            +---------+---------+-------+---------+---------+-------
